 Dungeon Crawl Stone Soup version 0.26-a0-712-ga5a9c9c9d0 (webtiles) character file.

Game seed: 3576565181871204608

173 kae the Changer (level 5, -5/44 HPs)
             Began as a Naga Transmuter on Nov 5, 2020.
             Slain by an orc
             ... wielding a +0 falchion of electrocution
              (15 damage)
             ... on level 2 of the Dungeon.
             The game lasted 00:02:11 (3596 turns).

kae the Changer (Naga Transmuter)                   Turns: 3596, Time: 00:02:12

Health: -5/44      AC:  2    Str: 13    XL:     5   Next: 53%
Magic:  4/8        EV: 19    Int: 14    God:
Gold:   157        SH:  0    Dex: 16    Spells: 5/9 levels left

rFire    . . .     SeeInvis +     - Unarmed
rCold    . . .     Faith    .   (shield currently unavailable)
rNeg     . . .     Spirit   .   (armour currently unavailable)
rPois    x         Reflect  .   (helmet currently unavailable)
rElec    .         Harm     .   (cloak currently unavailable)
rCorr    .         Rampage  .   (gloves currently unavailable)
MR       .....                  (no barding)
Stlth    +.........             (no amulet)
HPRegen  0.14/turn              (no ring)
MPRegen  0.11/turn              (no ring)

@: spider-form
A: tiny, see invisible, spit poison 1, AC +1
a: Spit Poison, End Transformation


You were on level 2 of the Dungeon.
You were a venomous arachnid creature.
You visited 1 branch of the dungeon, and saw 3 of its levels.

You collected 157 gold pieces.

Inventory:

Armour
 a - a +0 robe (melded)
Scrolls
 b - 3 scrolls of enchant weapon {unknown}
 d - a scroll of identify {unknown}
 f - a scroll of noise {unknown}
 g - a scroll of amnesia {unknown}
 i - a scroll of remove curse {unknown}
Potions
 c - a potion of mutation {unknown}
 e - 2 potions of lignification {unknown}
 h - a potion of stabbing {unknown}


   Skills:
 - Level 1.0 Fighting
 - Level 1.5 Dodging
 + Level 3.7 Unarmed Combat
 + Level 2.5 Spellcasting
 * Level 4.0 Transmutations
 - Level 3.0 Poison Magic


You had 5 spell levels left.
You knew the following spells:

 Your Spells              Type           Power        Failure   Level
a - Beastly Appendage     Tmut           ##....       13%         1
b - Spider Form           Tmut/Pois      ##........   34%         3

Your spell library contained the following spells:

 Spells                   Type           Power        Failure   Level
 Wereblood                Tmut           ##......     17%         2
 Ice Form                 Ice/Tmut       #.......     86%         4
 Blade Hands              Tmut           ##........   89%         5


Dungeon Overview and Level Annotations

Branches:
Dungeon (3/15)

Altars:


Innate Abilities, Weirdness & Mutations

You cannot wear boots.
((Your serpentine skin is tough. (AC +1)))
You have supernaturally acute eyesight. (SInv)
((Armour fits poorly on your strangely shaped body.))
((Your system is resistant to poisons. (rPois)))
((You cover ground very slowly.))
You can spit poison.


Message History

There is a stone staircase leading down here.
You bite the orc!
You kill the orc!
Your transformation has ended.
Your +0 robe unmelds from your body.
The jackal bites you but does no damage.
The orc hits you with a +0 falchion of electrocution.
You are electrocuted!
You are too injured to fight recklessly!
You are too injured to fight recklessly!
You are too injured to fight recklessly!
Casting: Spider Form (dangerous; 16% risk of failure)
Confirm with . or Enter, or press ? or * to list all spells.
You turn into a venomous arachnid creature.
Your +0 robe melds into your body.
The jackal bites you. The jackal barely misses you.
The orc hits you with a +0 falchion of electrocution!
* * * LOW HITPOINT WARNING * * *
You are electrocuted!
You die...

#######........#
.....#########)# ####.# #)#
#.# #.# ####.#
#)############### #....#
#)##............#
#....#########.##............#
#....##.......(##)...........#
...............)so...........#
.....##.#......#.h...........#
##'#.##.#.####.#.............#
.............#.#.............#
.#.#.##'####.#.#.............#
.#.#......##...#.............#
.#.#......##...#.............#
.#.#<.....##...#.#+#####'#####
.#+#......##...#.#.# #.#


You could see an orc and a jackal.

Vanquished Creatures
  A hound (D:2)
  An orc wizard (D:3)
  Robin (D:2)
  2 adders (D:2)
  2 oozes (D:2)
  A worm (D:3)
  A leopard gecko (D:2)
  2 orcs
  2 ball pythons
  12 bats
  4 giant cockroaches
  10 goblins
  11 hobgoblins
  4 jackals (D:2)
  5 kobolds
  A quokka (D:2)
  3 frilled lizards (D:1)
  4 rats (D:2)
67 creatures vanquished.

Notes
Turn   | Place    | Note
-------+----------+-------------------------------------------
     0 | D:1      | kae the Naga Transmuter began the quest for the Orb.
     0 | D:1      | Reached XP level 1. HP: 18/18 MP: 3/3
   184 | D:1      | Reached XP level 2. HP: 22/25 MP: 5/5
   937 | D:1      | Reached skill level 3 in Transmutations
  1158 | D:1      | Reached XP level 3. HP: 7/31 MP: 6/6
  1164 | D:1      | Learned a level 3 spell: Spider Form
  1689 | D:2      | Reached skill level 1 in Poison Magic
  1917 | D:2      | Reached XP level 4. HP: 38/38 MP: 5/7
  2130 | D:2      | Noticed Robin
  2243 | D:2      | Killed Robin
  2946 | D:2      | Reached XP level 5. HP: 39/44 MP: 6/8
  3590 | D:3      | Reached skill level 4 in Transmutations
  3596 | D:2      | Slain by an orc

Illustrated notes

Levels and vault maps discovered:
D:1:      shiori_arrival_elements, layout_loops_corners, fountainhead,
          minmay_shallow_snake_nest
D:2:      layout_basic, uniq_robin
D:3:      layout_loops_ring, elyvilon_altar_3, overflow_temple_1_default

Skill      XL: |  1  2  3  4  5 |
---------------+----------------+-----
Transmutations | 3 4 |  4.0
Poison Magic   | 1 2 3 |  3.0
Fighting       | |  1.0
Dodging        | |  1.5
Unarmed Combat | |  3.7
Spellcasting   | |  2.5

Action                   |  1- 3 |  4- 6 || total
-------------------------+-------+-------++-------
Melee: Unarmed           |    74 |   114 ||   188
       Headbutt          |     5 |     8 ||    13
       Punch             |       |     1 ||     1
 Cast: Beastly Appendage |    12 |    15 ||    27
       Spider Form       |       |     7 ||     7
 Abil: Spit Poison       |    22 |    17 ||    39
Armor: Robe              |    24 |    26 ||    50
       Skin              |       |     5 ||     5
Dodge: Dodged            |    50 |    95 ||   145

Table legend: (Time is in decaauts)
 A = Elapsed time spent in this place.
 B = Non-inter-level travel time spent in this place.
 C = Inter-level travel time spent in this place.
 D = Time resting spent in this place.
 E = Time spent auto-exploring this place.
 F = Levels seen in this place.
 G = Mean time per level.
                   A        B        C        D        E       F      G
               +--------+--------+--------+--------+--------+-----+--------+
         Total |   4186 |   4160 |     26 |    336 |   3309 |   3 | 1395.3 |
       Dungeon |   4186 |   4160 |     26 |    336 |   3309 |   3 | 1395.3 |
               +--------+--------+--------+--------+--------+-----+--------+

Top non-repeatable levels by time:
     D:2: 2183 daAuts
     D:1: 1989 daAuts
     D:3: 14 daAuts
